 Dungeon Crawl Stone Soup version 0.31-a0-233-g139696dc86 (webtiles) character file.

Game seed: 9407957580325688651

61217 qw the Marksgargoyle (level 15, -13/98 HPs)
             Began as a Gargoyle Hexslinger on July 9, 2023.
             Was an Elder of Okawaru.
             Killed from afar by Azrael (43 damage)
             ... with damnation
             ... on level 15 of the Dungeon.
             The game lasted 00:08:14 (16961 turns).

qw the Marksgargoyle (Gargoyle Hexslinger)         Turns: 16961, Time: 00:08:15

Health: -13/98     AC: 29    Str: 13    XL:     15   Next: 2%
Magic:  22/22      EV: 22    Int: 14    God:    Okawaru [****..]
Gold:   1355       SH:  5    Dex: 16    Spells: 15/16 levels left

rFire   + . .        Y - +4 longbow (drain)
rCold   + . .        (shield currently unavailable)
rNeg    + + .        q - +2 leather armour {rF+}
rPois   inf          a - +0 helmet
rElec   +            t - +0 cloak
rCorr   .            k - +2 pair of gloves
SInv    .            o - +0 pair of boots
Will    ++...        i - amulet of reflection
Stlth   +++          g - +5 ring of evasion
HPRegen 0.36/turn    f - ring "Haphatze" {rC+ rN+ Will+}
MPRegen 0.18/turn

%: reflection
@: about to teleport, heroic, flying
A: sickness immunity, AC +11, big wings, negative energy resistance 1,
electricity resistance, torment resistance 1, petrification resistance,
iridescent scales 2, clumsy 1, sense surroundings 1
a: Renounce Religion, Heroism, Finesse


You were on level 15 of the Dungeon.
You worshipped Okawaru.
Okawaru was greatly pleased with you.
You visited 3 branches of the dungeon, and saw 21 of its levels.

You collected 1355 gold pieces.


Innate Abilities, Weirdness & Mutations

You are immune to sickness and miasma.
Your stone body is resilient. (AC +11)
You are immune to poison.
Your large and strong wings let you fly.
You resist negative energy. (rN+)
You are resistant to electric shocks. (rElec)
You are resistant to unholy torment.
You are immune to petrification.
You are mostly covered in iridescent scales. (AC +4)
You are clumsy. (Dex -2)
You passively map a small area around you.


   Skills:
 - Level 13.0(18.0) Fighting
 + Level 19.4(24.4) Ranged Weapons
 - Level 6.0(11.0) Armour
 - Level 6.0(11.0) Dodging
 - Level 1.0 Spellcasting
 - Level 2.6 Hexes
 - Level 10.0 Invocations


You had 15 spell levels left.
You knew the following spells:

 Your Spells              Type           Power      Damage    Failure   Level
a - Slow                  Hex            32%        N/A       11%         1

Your spell library contained the following spells:

 Spells                   Type           Power      Damage    Failure   Level
 Inner Flame              Hex/Fire       4%         N/A       47%         3
 Portal Projectile        Hex/Tloc       8%         N/A       47%         3
 Cause Fear               Hex            4%         N/A       71%         4

Inventory:

Hand Weapons
 Y - a +4 longbow of draining (weapon)
Armour
 a - a +0 helmet (worn)
 j - +0 acid dragon scales
 k - a +2 pair of gloves (worn)
 o - a +0 pair of boots (worn)
 q - a +2 leather armour of fire resistance (worn)
 s - +0 steam dragon scales
 t - a +0 cloak (worn)
 v - the +2 leather armour "Fytutua" {Rampage rElec rC+}
   (You took it off a vampire on level 13 of the Dungeon)

   rC:        It protects you from cold.
   rElec:     It insulates you from electricity.
   Rampage:   It bestows one free step when moving towards enemies.
Jewellery
 f - the ring "Haphatze" (right hand) {rC+ rN+ Will+}
   (You acquired it on level 3 of the Dungeon)

   [ring of willpower]

   rC:        It protects you from cold.
   rN:        It protects you from negative energy.
   Will:      It increases your willpower.
 g - a +5 ring of evasion (left hand)
 h - a +4 ring of protection
 i - an amulet of reflection (around neck)
 l - a ring of fire
Wands
 u - a wand of digging (6)
Scrolls
 d - 12 scrolls of identify
 n - 4 scrolls of teleportation
Potions
 b - 3 potions of resistance
 c - 2 potions of cancellation
 e - 10 potions of curing
 m - 4 potions of haste
 p - a potion of heal wounds
 w - 2 potions of mutation
 z - 2 potions of enlightenment

Dungeon Overview and Level Annotations

Branches:
Dungeon (15/15)            Temple (1/1) D:7            Lair (5/5) D:8
  Swamp (0/4) Lair:3        Snake (0/4) Lair:3        Slime (0/5) Lair:5
    Orc (0/2) D:12         Vaults (0/5) D:14
 Depths: D:15

Altars:
Ashenzari
Cheibriados
Dithmenos
Elyvilon
Fedhas
Gozag
Hepliaklqana
Kikubaaqudgha
Makhleb
Nemelex Xobeh
Okawaru
Qazlal
Ru
Sif Muna
Trog
Uskayaw
Vehumet
Wu Jian
Xom
Yredelemnul
Zin
The Shining One

Shops:
D:13 (

Portals:
Abyss: D:4

Annotations:
D:3 1 runed translucent door, Crazy Yiuf
D:4 2 transporters, qw's ghost, amateur MiHs
D:13 3 runed translucent doors, Dirphi Vium's ghost, journeyman MiBe
D:15 Azrael


Message History

You shoot an arrow. The arrow hits the hell hound!
You kill the hell hound!
Okawaru accepts your kill.
You shoot an arrow. The arrow hits Azrael.
Azrael is lightly wounded.
You shoot an arrow. The arrow hits Azrael!
Azrael is moderately wounded.
Azrael gestures at you.
The fireball explodes!
The fireball engulfs you!! You resist.
The fireball engulfs Azrael.
Azrael completely resists.
You shoot an arrow. The arrow hits Azrael!!!
Azrael is severely wounded.
You block Azrael's attack.
You shoot an arrow. The arrow completely misses Azrael.
You shoot an arrow.
The arrow hits Azrael but does no damage.
Azrael is severely wounded.
Azrael gestures at you.
The fireball explodes!
The fireball engulfs you! You resist.
The fireball engulfs Azrael.
Azrael completely resists.
You shoot an arrow.
The arrow hits Azrael but does no damage.
Azrael is severely wounded.
Azrael gestures at you.
The sphere of damnation explodes!
The damnation engulfs you!!
The damnation engulfs Azrael.
Azrael completely resists.
16959 ||| READING 5 scrolls of teleportation.
As you read the scroll of teleportation, it crumbles to dust.
You feel strangely unstable. Azrael gestures at you.
The sticky flame misses you.
16960 ||| DRINKING 2 potions of heal wounds.
You feel much better. Azrael gestures at you. The bolt of fire hits you!
You resist.
You shoot an arrow. The arrow hits Azrael!
Azrael is almost dead.
Azrael gestures at you.
The sphere of damnation explodes!
The damnation engulfs you!!!
You die...

..)......... ,
...######### ** ..#
...# ..# ...# ..#
...# ..# ...# *..#
...# ..#
...###############..#
................@R..#
##################..#
0.# .E# * ** .0# ,, ,
, , , , 00.# , ,, ,
<.# * * * h.#


You could see Azrael.

Vanquished Creatures
  Jorgrun (D:12)
  Louise (D:15)
  Fannar (D:10)
  3 hydras
  An ogre mage (D:9)
  4 two-headed ogres
  A catoblepas (Lair:4)
  4 boulder beetles
  2 centaur warriors (D:14)
  2 alligators (D:11)
  A death yak (Lair:5)
  2 demonic crawlers (D:11)
  A skyshark (Lair:5)
  A fire crab (Lair:5)
  5 skeletal warriors (D:12)
  A spectral anaconda (Lair:5)
  A spectral death yak (Lair:5)
  2 lindwurms
  An obsidian statue (Lair:5)
  2 deep elf pyromancers
  4 necromancers (Lair:5)
  2 manticores
  2 cyclopes (D:12)
  An ugly thing (D:12)
  A guardian serpent (shapeshifter) (D:13)
  2 black mambas
  5 elephants (Lair:5)
  Joseph (D:7)
  A torpor snail (Lair:4)
  A water nymph (shapeshifter) (D:14)
  4 unseen horrors
  10 cane toads
  7 komodo dragons
  A kobold demonologist (D:13)
  A rime drake (Lair:3)
  3 meliai (D:14)
  4 trolls
  A meliai (shapeshifter) (D:14)
  A tyrant leech (Lair:3)
  2 polar bears
  2 spectral elephants (Lair:5)
  A hornet (D:8)
  20 blink frogs
  11 slime creatures
  A snapping turtle (shapeshifter) (D:14)
  A vampire (D:13)
  2 shadows
  2 wraiths
  6 wyverns
  20 yaks
  A fire bat (shapeshifter) (D:14)
  11 basilisks
  3 fire bats (D:11)
  5 fire elementals (D:15)
  2 steam dragons
  4 vampire mosquitoes (D:12)
  Menkaure (D:5)
  Edmund (D:5)
  3 nagas (Lair:3)
  10 water moccasins
  An acid dragon (D:7)
  2 hell hounds (D:15)
  3 black bears
  5 ice beasts
  An orc warrior (D:10)
  A sky beast (D:6)
  2 ogres
  7 wolves
  A tengu (shapeshifter) (D:14)
  11 centaurs
  An elephant skeleton (Lair:5)
  A kobold brigand (D:11)
  22 bullfrogs
  6 scorpions
  3 gnoll sergeants
  8 wights
  2 cane toad simulacra (Lair:5)
  12 killer bees
  A vampire bat (D:11)
  5 electric eels (D:8)
  6 howler monkeys
  12 hounds
  4 jellies (D:11)
  A gnoll bouda (D:5)
  4 orc priests
  6 iguanas
  6 orc wizards
  5 hell rats (Lair:3)
  14 adders
  20 gnolls
  3 white imps
  An ufetubus (D:7)
  A worm (D:3)
  4 dart slugs
  22 orcs
  11 bats
  11 endoplasms
  8 giant cockroaches
  6 goblins
  10 hobgoblins
  9 jackals (D:5)
  3 quokkas
  5 ball pythons
  9 frilled lizards
  8 kobolds
  2 rats (D:2)
484 creatures vanquished.

Vanquished Creatures (others)
  A killer bee (D:8)
1 creature vanquished.

Grand Total: 485 creatures vanquished

Notes
Turn   | Place    | Note
-------+----------+-------------------------------------------
     0 | D:1      | qw the Gargoyle Hexslinger began the quest for the Orb.
     0 | D:1      | Reached XP level 1. HP: 12/12 MP: 2/2
     0 | D:1      | 0 ||| qw: Version: 0.3-a-51-g015441d
     0 | D:1      | 0 ||| qw: Game counter: 3786
     0 | D:1      | 0 ||| qw: Melee chars always use a shield: true
     0 | D:1      | 0 ||| qw: God list: Okawaru
     0 | D:1      | 0 ||| qw: Allow faded altars: false
     0 | D:1      | 0 ||| qw: Do Orc after clearing Dungeon:15 true
     0 | D:1      | 0 ||| qw: Do second Lair branch before Depths: true
     0 | D:1      | 0 ||| qw: Lair rune preference: random
     0 | D:1      | 0 ||| qw: Goals: Normal
     0 | D:1      | 0 ||| PLANNING D:1-11
   176 | D:1      | Reached XP level 2. HP: 16/16 MP: 3/3
   620 | D:1      | 620 ||| UPGRADING to +0 ring mail.
   630 | D:1      | 630 ||| DROPPING +0 robe.
   631 | D:1      | 631 ||| UPGRADING to amulet of reflection.
   636 | D:1      | 636 ||| UPGRADING to +5 ring of evasion.
   637 | D:1      | 637 ||| READING scroll labelled NAUSTR SESHIO.
   638 | D:1      | 638 ||| READING scroll labelled YMNA RY LIVEISS.
   639 | D:1      | 639 ||| DROPPING scroll of poison.
   703 | D:2      | Reached skill level 3 in Ranged Weapons
   843 | D:2      | Reached XP level 3. HP: 21/21 MP: 4/4
   843 | D:2      | Found a hide-covered altar of Uskayaw.
  1371 | D:2      | 1371 ||| READING 2 scrolls labelled QOAHIL SAL NOU.
  1425 | D:3      | Reached XP level 4. HP: 26/26 MP: 5/5
  1489 | D:3      | Reached skill level 4 in Ranged Weapons
  1502 | D:3      | 1502 ||| READING 3 scrolls of enchant weapon.
  1502 | D:3      | 1502 ||| ENCHANTING +2 sling.
  1503 | D:3      | 1503 ||| READING 2 scrolls of enchant weapon.
  1503 | D:3      | 1503 ||| ENCHANTING +3 sling.
  1504 | D:3      | 1504 ||| READING scroll of enchant weapon.
  1504 | D:3      | 1504 ||| ENCHANTING +4 sling.
  1625 | D:3      | Found a runed translucent door.
  1626 | D:3      | Noticed Crazy Yiuf
  1815 | D:3      | Reached skill level 1 in Armour
  1929 | D:3      | Found a faded altar of an unknown god.
  1999 | D:3      | Reached XP level 5. HP: 30/30 MP: 6/6
  2019 | D:3      | Found a hazy altar of Hepliaklqana.
  2115 | D:3      | 2115 ||| UPGRADING to +0 pair of gloves.
  2120 | D:3      | 2120 ||| UPGRADING to +0 pair of boots.
  2125 | D:3      | 2125 ||| READING scroll labelled ESUOFI FICI.
  2126 | D:3      | 2126 ||| READING scroll labelled USICHI GYQUFF.
  2126 | D:3      | Identified a scroll of acquirement
  2126 | D:3      | 2126 ||| ACQUIRING ring "Haphatze" {rC+ rN+ Will+}
  2126 | D:3      | Acquired the ring "Haphatze" {rC+ rN+ Will+}
  2128 | D:3      | 2128 ||| UPGRADING to ring "Haphatze" {rC+ rN+ Will+}.
  2129 | D:3      | 2129 ||| READING scroll labelled FOKUGA QUMNOW.
  2130 | D:3      | 2130 ||| DRINKING 2 silvery potions.
  2131 | D:3      | 2131 ||| READING 2 scrolls of identify.
  2131 | D:3      | 2131 ||| IDENTIFYING smoky golden potion
  2132 | D:3      | 2132 ||| DROPPING potion of invisibility.
  2180 | D:4      | Identified the +2 spear of the Leaping Fulmar {heavy,
                  | rPois}
  2228 | D:4      | Reached skill level 5 in Ranged Weapons
  2264 | D:4      | 2264 ||| Stepping ~*~*~tactically~*~*~ (outnumbered).
  2278 | D:4      | Reached skill level 3 in Fighting
  2278 | D:4      | Reached XP level 6. HP: 37/37 MP: 7/7
  2363 | D:4      | Found a transporter.
  2380 | D:4      | Reached skill level 6 in Ranged Weapons
  2461 | D:4      | 2461 ||| SWAPPING to +0 arbalest.
  2463 | D:4      | 2463 ||| DROPPING +5 sling.
  2484 | D:4      | Found a one-way gate to the infinite horrors of the Abyss.
  2484 | D:4      | Noticed qw's ghost (amateur MiHs)
  2484 | D:4      | Noticed a small abomination
  2501 | D:4      | Found a transporter.
  2842 | D:4      | 2842 ||| UPGRADING to +0 helmet.
  2847 | D:4      | 2847 ||| DROPPING ring of magical power.
  2848 | D:4      | 2848 ||| READING scroll labelled VYDDORCHEAMP.
  2849 | D:4      | 2849 ||| DRINKING 3 puce potions.
  2866 | D:5      | Entered Level 5 of the Dungeon
  2870 | D:5      | Reached XP level 7. HP: 33/41 MP: 8/8
  2870 | D:5      | 2870 ||| STAIRDANCE
  2983 | D:5      | 2983 ||| Stepping ~*~*~tactically~*~*~ (outnumbered).
  3004 | D:5      | 3004 ||| FLEEEEING.
  3005 | D:5      | 3005 ||| FLEEEEING.
  3006 | D:5      | 3006 ||| FLEEEEING.
  3076 | D:5      | Found a sparkling altar of Nemelex Xobeh.
  3110 | D:5      | Reached skill level 7 in Ranged Weapons
  3114 | D:5      | HP: 10/44 [hound (5)]
  3126 | D:5      | HP: 5/44 [gnoll/+0 heavy halberd (10)]
  3327 | D:5      | Identified the +6 quarterstaff "Adomucos" {freeze, rN++
                  | Str-5}
  3356 | D:5      | Reached XP level 8. HP: 48/48 MP: 9/9
  3435 | D:5      | Noticed Edmund
  3441 | D:5      | Killed Edmund
  3442 | D:5      | Reached skill level 8 in Ranged Weapons
  3445 | D:5      | 3445 ||| FLEEEEING.
  3561 | D:5      | 3561 ||| Stepping ~*~*~tactically~*~*~ (outnumbered).
  3705 | D:5      | Noticed Menkaure
  3711 | D:5      | Killed Menkaure
  3796 | D:5      | 3796 ||| READING 2 scrolls labelled WAHYUSA VUOTHO.
  3797 | D:5      | 3797 ||| READING scroll labelled RATHOQ POYRODYOKH.
  3802 | D:5      | 3802 ||| READING scroll labelled ITZORH DIMARAN.
  3803 | D:5      | 3803 ||| READING 2 scrolls of identify.
  3803 | D:5      | 3803 ||| IDENTIFYING smoky amethyst potion
  3804 | D:5      | 3804 ||| DROPPING potion of lignification.
  3805 | D:5      | 3805 ||| DROPPING scroll of blinking.
  3821 | D:6      | Found a burning altar of Makhleb.
  3878 | D:6      | Reached skill level 9 in Ranged Weapons
  4043 | D:6      | Reached skill level 3 in Armour
  4104 | D:6      | Reached skill level 6 in Fighting
  4104 | D:6      | Reached XP level 9. HP: 44/55 MP: 10/10
  4264 | D:6      | 4264 ||| Stepping ~*~*~tactically~*~*~ (water).
  4490 | D:6      | Identified the +4 chain mail "Egivel" {rElec}
  4756 | D:6      | 4756 ||| UPGRADING to +2 leather armour of fire resistance.
  4766 | D:6      | 4766 ||| DROPPING +0 ring mail.
  4767 | D:6      | 4767 ||| DROPPING ring of wizardry.
  4768 | D:6      | 4768 ||| READING scroll labelled CIH VUYDEOTHRU.
  4769 | D:6      | 4769 ||| DRINKING 2 glowing white potions.
  4770 | D:6      | 4770 ||| DRINKING 2 glowing red potions.
  4771 | D:6      | 4771 ||| READING 2 scrolls of identify.
  4771 | D:6      | 4771 ||| IDENTIFYING clear potion
  4772 | D:6      | 4772 ||| DROPPING potion of attraction.
  4868 | D:7      | Reached skill level 10 in Ranged Weapons
  4986 | D:7      | Reached skill level 3 in Dodging
  5230 | D:7      | Found a staircase to the Ecumenical Temple.
  5231 | D:7      | 5231 ||| PLANNING TEMPLE
  5239 | Temple   | Entered the Ecumenical Temple
  5240 | Temple   | 5240 ||| PLANNING OKAWARU WORSHIP
  5319 | Temple   | Became a worshipper of Warmaster Okawaru
  5320 | Temple   | 5320 ||| PLANNING D:1-11
  5394 | D:7      | Noticed Joseph
  5398 | D:7      | Killed Joseph
  5399 | D:7      | Reached skill level 11 in Ranged Weapons
  5399 | D:7      | Reached XP level 10. HP: 48/63 MP: 11/11
  5604 | D:8      | Reached * piety under Okawaru
  5616 | D:8      | 5616 ||| FLEEEEING.
  5730 | D:8      | 5730 ||| INVOKING Heroism.
  5754 | D:8      | Found a staircase to the Lair.
  5763 | D:8      | 5763 ||| INVOKING Heroism.
  5775 | D:8      | 5775 ||| INVOKING Heroism.
  5808 | D:8      | Reached skill level 12 in Ranged Weapons
  5869 | D:8      | Reached skill level 1 in Invocations
  5931 | D:8      | Noticed a two-headed ogre
  5932 | D:8      | 5932 ||| INVOKING Heroism.
  5935 | D:8      | Killed a two-headed ogre
  5936 | D:8      | Reached skill level 3 in Invocations
  5963 | D:8      | Reached ** piety under Okawaru
  5969 | D:8      | Identified the +9 trident of Proximity {venom, Stlth+}
  6134 | D:8      | 6134 ||| PLANNING LAIR
  6134 | D:8      | 6134 ||| UPGRADING to +0 cloak.
  6170 | Lair:1   | Entered Level 1 of the Lair of Beasts
  6174 | Lair:1   | 6174 ||| Stepping ~*~*~tactically~*~*~ (water).
  6228 | Lair:1   | 6228 ||| INVOKING Heroism.
  6242 | Lair:1   | Reached skill level 13 in Ranged Weapons
  6242 | Lair:1   | 6242 ||| INVOKING Heroism.
  6320 | Lair:1   | 6320 ||| INVOKING Heroism.
  6324 | Lair:1   | Reached XP level 11. HP: 69/69 MP: 11/14
  6358 | Lair:1   | 6358 ||| INVOKING Heroism.
  6362 | Lair:1   | Reached skill level 9 in Fighting
  6920 | Lair:1   | 6920 ||| READING 2 scrolls labelled KOGIHY GENNO.
  6921 | Lair:1   | 6921 ||| READING 3 scrolls of identify.
  6921 | Lair:1   | 6921 ||| IDENTIFYING smoky clear potion
  6922 | Lair:1   | 6922 ||| READING 2 scrolls of identify.
  6922 | Lair:1   | 6922 ||| IDENTIFYING metallic inky potion
  6923 | Lair:1   | 6923 ||| DROPPING potion of brilliance.
  6924 | Lair:1   | 6924 ||| DROPPING scroll of fear.
  6951 | Lair:2   | 6951 ||| INVOKING Heroism.
  7114 | Lair:2   | 7114 ||| READING scroll of enchant weapon.
  7114 | Lair:2   | 7114 ||| ENCHANTING +0 heavy arbalest.
  7226 | Lair:2   | Reached *** piety under Okawaru
  7361 | Lair:2   | 7361 ||| INVOKING Heroism.
  7393 | Lair:2   | Noticed a lindwurm
  7394 | Lair:2   | 7394 ||| INVOKING Heroism.
  7411 | Lair:2   | Found a shimmering blue altar of Sif Muna.
  7412 | Lair:2   | 7412 ||| INVOKING Heroism.
  7415 | Lair:2   | Killed a lindwurm
  7757 | Lair:2   | 7757 ||| DROPPING +6 ring of strength.
  7758 | Lair:2   | 7758 ||| DROPPING ring of protection from cold.
  7759 | Lair:2   | 7759 ||| READING 2 scrolls labelled DADUNO YTREAMI.
  7760 | Lair:2   | 7760 ||| DRINKING 2 grey potions.
  7761 | Lair:2   | 7761 ||| READING 2 scrolls of identify.
  7761 | Lair:2   | 7761 ||| IDENTIFYING dark potion
  7762 | Lair:2   | 7762 ||| DROPPING potion of berserk rage.
  7763 | Lair:2   | 7763 ||| DROPPING scroll of vulnerability.
  7776 | Lair:3   | 7776 ||| INVOKING Heroism.
  7803 | Lair:3   | 7803 ||| INVOKING Heroism.
  7814 | Lair:3   | Reached skill level 14 in Ranged Weapons
  7883 | Lair:3   | Noticed a five-headed hydra
  7884 | Lair:3   | 7884 ||| INVOKING Heroism.
  7890 | Lair:3   | Killed a five-headed hydra
  7897 | Lair:3   | 7897 ||| INVOKING Heroism.
  7898 | Lair:3   | HP: 18/72 [yak (5)]
  7899 | Lair:3   | 7899 ||| READING 2 scrolls of teleportation.
  7900 | Lair:3   | 7900 ||| DRINKING 2 potions of heal wounds.
  7911 | Lair:3   | 7911 ||| INVOKING Heroism.
  7919 | Lair:3   | HP: 16/72 [blink frog (7)]
  7920 | Lair:3   | 7920 ||| DRINKING potion of heal wounds.
  7953 | Lair:3   | 7953 ||| INVOKING Heroism.
  8121 | Lair:3   | 8121 ||| INVOKING Heroism.
  8134 | Lair:3   | 8134 ||| INVOKING Heroism.
  8142 | Lair:3   | Reached XP level 12. HP: 76/77 MP: 13/15
  8144 | Lair:3   | Reached skill level 15 in Ranged Weapons
  8189 | Lair:3   | 8189 ||| INVOKING Heroism.
  8207 | Lair:3   | 8207 ||| INVOKING Heroism.
  8212 | Lair:3   | Noticed a boulder beetle
  8220 | Lair:3   | Killed a boulder beetle
  8220 | Lair:3   | Reached **** piety under Okawaru
  8238 | Lair:3   | Found a staircase to the Swamp.
  8271 | Lair:3   | 8271 ||| INVOKING Heroism.
  8300 | Lair:3   | 8300 ||| READING scroll of acquirement.
  8300 | Lair:3   | 8300 ||| ACQUIRING +1 longbow of flaming
  8300 | Lair:3   | Acquired a +1 longbow of flaming
  8302 | Lair:3   | 8302 ||| SWAPPING to +1 longbow of flaming.
  8303 | Lair:3   | 8303 ||| DROPPING +1 heavy arbalest.
  8311 | Lair:3   | 8311 ||| INVOKING Heroism.
  8608 | Lair:3   | 8608 ||| INVOKING Heroism.
  8625 | Lair:3   | HP: 16/77 [manticore (10)]
  8626 | Lair:3   | 8626 ||| READING scroll of teleportation.
  8844 | Lair:3   | Found a staircase to the Snake Pit.
  8848 | Lair:3   | 8848 ||| INVOKING Heroism.
  8896 | Lair:3   | 8896 ||| INVOKING Heroism.
  9069 | Lair:3   | 9069 ||| READING scroll labelled GOWYSA FENTOHI.
  9070 | Lair:3   | 9070 ||| DRINKING 2 purple potions.
  9070 | Lair:3   | Gained mutation: You are partially covered in iridescent
                  | scales. (AC +2) [potion of mutation]
  9070 | Lair:3   | Gained mutation: You passively map a small area around you.
                  | [potion of mutation]
  9070 | Lair:3   | Gained mutation: You are mostly covered in iridescent
                  | scales. (AC +4) [potion of mutation]
  9094 | Lair:4   | Noticed a catoblepas
  9095 | Lair:4   | 9095 ||| INVOKING Heroism.
  9104 | Lair:4   | Killed a catoblepas
  9105 | Lair:4   | Reached skill level 6 in Invocations
  9112 | Lair:4   | 9112 ||| INVOKING Heroism.
  9256 | Lair:4   | Reached ***** piety under Okawaru
  9256 | Lair:4   | Identified the +0 pair of gloves of Uno Zeni {Rampage rElec
                  | rPois} (Okawaru gifted it to you on level 4 of the Lair of
                  | Beasts)
  9256 | Lair:4   | Received a gift from Okawaru
  9447 | Lair:4   | 9447 ||| INVOKING Heroism.
  9464 | Lair:4   | Reached skill level 16 in Ranged Weapons
  9535 | Lair:4   | Reached XP level 13. HP: 77/83 MP: 17/19
  9888 | Lair:4   | 9888 ||| INVOKING Heroism.
  9992 | Lair:4   | 9992 ||| DROPPING +0 pair of gloves of Uno Zeni {Rampage
                  | rElec rPois}.
 10010 | Lair:5   | Entered Level 5 of the Lair of Beasts
 10022 | Lair:5   | 10022 ||| STAIRDANCE
 10095 | Lair:5   | 10095 ||| INVOKING Heroism.
 10159 | Lair:5   | 10159 ||| INVOKING Heroism.
 10211 | Lair:5   | Gained mutation: You are clumsy. (Dex -2) [a neqoxec]
 10217 | Lair:5   | 10217 ||| INVOKING Heroism.
 10264 | Lair:5   | 10264 ||| INVOKING Heroism.
 10309 | Lair:5   | Reached skill level 9 in Invocations
 10458 | Lair:5   | 10458 ||| Stepping ~*~*~tactically~*~*~ (water).
 10479 | Lair:5   | Identified the staff "Jaarr" {rElec Int+3 Stlth- Air
                  | Poison}
 10504 | Lair:5   | 10504 ||| INVOKING Heroism.
 10662 | Lair:5   | 10662 ||| INVOKING Heroism.
 10730 | Lair:5   | Found a staircase to the Slime Pits.
 10743 | Lair:5   | 10743 ||| INVOKING Heroism.
 11168 | Lair:5   | 11168 ||| INVOKING Heroism.
 11194 | Lair:5   | 11194 ||| INVOKING Heroism.
 11357 | Lair:5   | Reached skill level 17 in Ranged Weapons
 11375 | Lair:5   | Received a gift from Okawaru
 11376 | Lair:5   | 11376 ||| INVOKING Heroism.
 11487 | Lair:5   | 11487 ||| PLANNING D:1-11
 11487 | Lair:5   | 11487 ||| READING 3 scrolls of identify.
 11487 | Lair:5   | 11487 ||| IDENTIFYING white potion
 11488 | Lair:5   | 11488 ||| DROPPING potion of degeneration.
 11753 | D:9      | Found a stormy altar of Qazlal.
 11753 | D:9      | Found a white marble altar of Elyvilon.
 11753 | D:9      | Found a shadowy altar of Dithmenos.
 11807 | D:9      | Found a bloodstained altar of Trog.
 11809 | D:9      | Found a glowing golden altar of the Shining One.
 11810 | D:9      | Found an opulent altar of Gozag.
 11814 | D:9      | Found an ancient bone altar of Kikubaaqudgha.
 11817 | D:9      | 11817 ||| READING scroll of enchant armour.
 11817 | D:9      | 11817 ||| ENCHANTING +0 pair of gloves.
 11820 | D:9      | Found a hide-covered altar of Uskayaw.
 11821 | D:9      | Found a shimmering blue altar of Sif Muna.
 12084 | D:9      | 12084 ||| INVOKING Heroism.
 12106 | D:9      | 12106 ||| READING scroll of enchant weapon.
 12106 | D:9      | 12106 ||| ENCHANTING +1 longbow of flaming.
 12118 | D:9      | 12118 ||| READING scroll labelled YMUUKU WOV.
 12155 | D:10     | Entered Level 10 of the Dungeon
 12200 | D:10     | 12200 ||| READING scroll of enchant weapon.
 12200 | D:10     | 12200 ||| ENCHANTING +2 longbow of flaming.
 12283 | D:10     | 12283 ||| Stepping ~*~*~tactically~*~*~ (outnumbered).
 12421 | D:10     | 12421 ||| Stepping randomly (disturbance).
 12464 | D:10     | 12464 ||| Stepping ~*~*~tactically~*~*~ (outnumbered).
 12466 | D:10     | 12466 ||| Stepping ~*~*~tactically~*~*~ (outnumbered).
 12633 | D:10     | Noticed Fannar
 12649 | D:10     | Killed Fannar
 12964 | D:11     | 12964 ||| STAIRDANCE
 13147 | D:11     | 13147 ||| INVOKING Heroism.
 13150 | D:11     | Reached skill level 18 in Ranged Weapons
 13150 | D:11     | Gained mutation: Your large and strong wings let you fly.
                  | [Gargoyle growth]
 13150 | D:11     | Reached XP level 14. HP: 90/90 MP: 18/21
 13290 | D:11     | 13290 ||| Stepping randomly (disturbance).
 13393 | D:11     | 13393 ||| INVOKING Heroism.
 13411 | D:11     | Reached skill level 12 in Fighting
 13591 | D:11     | Reached skill level 6 in Armour
 13871 | D:11     | 13871 ||| PLANNING D
 13962 | D:12     | 13962 ||| READING scroll of enchant armour.
 13962 | D:12     | 13962 ||| ENCHANTING +1 pair of gloves.
 13996 | D:12     | 13996 ||| INVOKING Heroism.
 14195 | D:12     | 14195 ||| INVOKING Heroism.
 14346 | D:12     | 14346 ||| Stepping randomly (disturbance).
 14347 | D:12     | 14347 ||| Stepping randomly (disturbance).
 14348 | D:12     | 14348 ||| Stepping randomly (disturbance).
 14360 | D:12     | Noticed Jorgrun
 14361 | D:12     | 14361 ||| INVOKING Heroism.
 14362 | D:12     | 14362 ||| INVOKING Finesse.
 14375 | D:12     | Killed Jorgrun
 14490 | D:12     | 14490 ||| READING scroll of enchant weapon.
 14490 | D:12     | 14490 ||| ENCHANTING +3 longbow of flaming.
 14616 | D:12     | Found a staircase to the Orcish Mines.
 14629 | D:12     | 14629 ||| INVOKING Heroism.
 14630 | D:12     | 14630 ||| INVOKING Finesse.
 14788 | D:12     | Reached skill level 19 in Ranged Weapons
 14880 | D:12     | 14880 ||| READING scroll labelled XYEVVU JOES.
 14961 | D:13     | 14961 ||| INVOKING Heroism.
 15002 | D:13     | 15002 ||| READING scroll of brand weapon.
 15002 | D:13     | 15002 ||| BRANDING +4 longbow of flaming.
 15050 | D:13     | Found Turyruut's Weapon Shop.
 15069 | D:13     | Identified the +2 leather armour "Fytutua" {Rampage rElec
                  | rC+}
 15123 | D:13     | Found a runed translucent gate.
 15123 | D:13     | Found a runed translucent gate.
 15123 | D:13     | Found a runed translucent gate.
 15491 | D:13     | Noticed Dirphi Vium's ghost (journeyman MiBe)
 15495 | D:13     | 15495 ||| DROPPING +2 robe of cold resistance.
 15569 | D:14     | 15569 ||| INVOKING Heroism.
 15580 | D:14     | HP: 11/94 [meliai/divine providence (16)]
 15581 | D:14     | 15581 ||| READING 6 scrolls of teleportation.
 15582 | D:14     | 15582 ||| DRINKING 3 potions of heal wounds.
 15895 | D:14     | 15895 ||| INVOKING Heroism.
 15939 | D:14     | Found a gate to the Vaults.
 16101 | D:14     | 16101 ||| Stepping ~*~*~tactically~*~*~ (outnumbered).
 16103 | D:14     | 16103 ||| Stepping ~*~*~tactically~*~*~ (outnumbered).
 16108 | D:14     | Reached skill level 6 in Dodging
 16354 | D:14     | 16354 ||| INVOKING Heroism.
 16797 | D:15     | Entered Level 15 of the Dungeon
 16822 | D:15     | Noticed Louise
 16823 | D:15     | 16823 ||| INVOKING Heroism.
 16824 | D:15     | 16824 ||| INVOKING Finesse.
 16863 | D:15     | Killed Louise
 16913 | D:15     | Noticed Azrael
 16914 | D:15     | 16914 ||| Stepping ~*~*~tactically~*~*~ (outnumbered).
 16916 | D:15     | 16916 ||| INVOKING Heroism.
 16920 | D:15     | 16920 ||| Stepping ~*~*~tactically~*~*~ (outnumbered).
 16932 | D:15     | Reached XP level 15. HP: 76/98 MP: 22/22
 16958 | D:15     | HP: 15/98 [Azrael/damnation (30)]
 16959 | D:15     | 16959 ||| READING 5 scrolls of teleportation.
 16960 | D:15     | 16960 ||| DRINKING 2 potions of heal wounds.
 16961 | D:15     | Killed from afar by Azrael

Levels and vault maps discovered:
D:1:      dpeg_arrival_three_same_balls, layout_rooms, patterned_corridor
D:2:      layout_loops_ring, basic_altar
D:3:      layout_loops_ring, marbit_many_paths,
          hellmonk_ecumenical_altar_inner_sanctum, uniq_crazy_yiuf_cottage
D:4:      layout_basic, gammafunk_ghost_abyssal_escape, feat_on_display
D:5:      layout_cave_pools, mainiacjoe_overflow_cross_hatched,
          serial_gnoll_camp, gnoll_camp_mini_doghouse, gnoll_camp_mini_doghouse,
          gnoll_camp_mini_hut, gnoll_camp_mini_doghouse, kennysheep_minor_cross,
          uniq_menkaure, uniq_edmund
D:6:      hellmonk_crumbling_castle, layout_loops_corners, lemuel_round_altar,
          chequers_serial_rivers_large_a
D:7:      layout_gridville, minmay_temple_entry_gardened_gates, uniq_joseph
D:8:      layout_rooms, erik_lair_island
D:9:      layout_cave_pools, nicolae_overflow_hallway_of_the_gods,
          minmay_librarian
D:10:     layout_loops_ring, uniq_fannar
D:11:     layout_rooms, hangedman_parallel_progression
D:12:     layout_rooms, orc_0_dummy, bh_walls_and_bars, uniq_psyche,
          uniq_jorgrun
D:13:     layout_rooms, gammafunk_ghost_necromancy, serial_shops,
          nicolae_shop_crystal
D:14:     layout_basic, david_vaults_2, kennysheep_pointless_box,
          grunt_decor_one_mirror
D:15:     gammafunk_enter_depths_forms, layout_long_grid, uniq_nessos,
          uniq_azrael, uniq_louise
Temple:   eino_temple_lava
Lair:1:   layout_regular_city, infiniplex_staircase_pool_2
Lair:2:   layout_roguey, basic_altar
Lair:3:   beargit_carnivore_pack, layout_long_grid, minmay_swamp_entry_worms,
          guppyfry_snake_entry_garden, special_room [special_room_mythical_zoo]
Lair:4:   layout_regular_city, grunt_megastairs_1
Lair:5:   due_jungle_book, layout_cave_shapes, slime_entry_1

Skill      XL: |  1  2  3  4  5  6  7  8  9 10 11 12 13 14 |
---------------+-------------------------------------------+-----
Ranged Weapons | 3 4 5 6 7 9 11 13 14 16 18 19 | 19.4
Fighting       | 2 3 4 6 7 8 10 11 13 | 13.0
Armour         | 1 2 3 4 5 6 |  6.0
Dodging        | 2 3 4 5 6 |  6.0
Invocations    | 4 8 10 | 10.0
Spellcasting   | |  1.0
Hexes          | |  2.6

Action                     |  1- 3 |  4- 6 |  7- 9 | 10-12 | 13-15 || total
---------------------------+-------+-------+-------+-------+-------++-------
   Fire: Sling             |   116 |   115 |       |       |       ||   231
         Arbalest          |       |    18 |   206 |   265 |       ||   489
         Longbow           |       |       |       |   208 |  1074 ||  1282
 Invoke: Heroism           |       |       |       |    30 |    24 ||    54
         Finesse           |       |       |       |       |     3 ||     3
    Use: Scroll            |     3 |     8 |     6 |    10 |    11 ||    38
         Potion            |       |     2 |     2 |     4 |     2 ||    10
 Armour: Robe              |     3 |       |       |       |       ||     3
         Ring mail         |    15 |    37 |   109 |       |       ||   161
         Leather armour    |       |       |    43 |   129 |   228 ||   400
  Dodge: Dodged            |    40 |    76 |   366 |   438 |   514 ||  1434
  Block: Other             |    14 |    41 |   108 |   118 |   135 ||   416
         Reflection        |     2 |     1 |     4 |       |     4 ||    11

Table legend:
 A = Non-vault XP
 B = Vault XP
 C = Vault XP percentage of total XP
 D = Non-vault monster count
 E = Vault monster count
 F = Vault count percentage of total count
                 A         B        C        D         E       F
            +---------+---------+-------+---------+---------+-------
      Total |   58881 |   28573 |  32.7 |     344 |     140 |  28.9
            +---------+---------+-------+---------+---------+-------
        D:1 |      17 |       0 |   0.0 |      10 |       0 |   0.0
        D:2 |      57 |       0 |   0.0 |      25 |       0 |   0.0
        D:3 |     105 |       2 |   1.9 |      15 |       1 |   6.2
        D:4 |     490 |       0 |   0.0 |      27 |       0 |   0.0
        D:5 |     300 |     834 |  73.5 |       7 |      28 |  80.0
        D:6 |     859 |       0 |   0.0 |      11 |       0 |   0.0
        D:7 |    1570 |     445 |  22.1 |      19 |       1 |   5.0
        D:8 |    2163 |     843 |  28.0 |      18 |       7 |  28.0
        D:9 |    2241 |     867 |  27.9 |      13 |       1 |   7.1
       D:10 |    1630 |     886 |  35.2 |      20 |       1 |   4.8
       D:11 |    3337 |    5751 |  63.3 |      20 |      47 |  70.1
       D:12 |    9238 |    1831 |  16.5 |      21 |       1 |   4.5
       D:13 |    4372 |       0 |   0.0 |      23 |       0 |   0.0
       D:14 |    6784 |     753 |  10.0 |      19 |       3 |  13.6
       D:15 |       0 |    2505 | 100.0 |       0 |       8 | 100.0
     Lair:1 |    2683 |       0 |   0.0 |      13 |       0 |   0.0
     Lair:2 |    2770 |       0 |   0.0 |      12 |       0 |   0.0
     Lair:3 |    9283 |    3327 |  26.4 |      33 |      18 |  35.3
     Lair:4 |    6139 |    1234 |  16.7 |      26 |       4 |  13.3
     Lair:5 |    4843 |    9295 |  65.7 |      12 |      20 |  62.5
            +---------+---------+-------+---------+---------+-------
